 Dungeon Crawl Stone Soup version 0.28-a0-1199-gef9e1dbd39 (webtiles) character file.

Game seed: 4240336955573321303

93 ChaosChampion the Insei (level 4, 0/35 HPs)
             Began as a Draconian Transmuter on Dec 19, 2021.
             Slain by a scorpion (2 damage)
             ... on level 2 of the Dungeon.
             The game lasted 00:02:23 (2961 turns).

ChaosChampion the Insei (Draconian Transmuter)      Turns: 2961, Time: 00:02:23

Health: 0/35       AC:  6    Str: 12    XL:     4   Next: 37%
Magic:  7/7        EV: 12    Int: 15    God:
Gold:   60         SH:  0    Dex: 12    Spells: 4/7 levels left

rFire   . . .      SeeInvis .     - Unarmed
rCold   . . .      Faith    .   (no shield)
rNeg    . . .      Spirit   .   (armour unavailable)
rPois   .          Reflect  .   (helmet restricted)
rElec   .          Harm     .   b - +0 cloak
rCorr   .          Rampage  .   (no gloves)
Will    .....                   (no boots)
Stlth   +.........              (no amulet)
HPRegen 0.11/turn               (no ring)
MPRegen 0.10/turn               (no ring)

@: lethally poisoned (0 -> -4), hasted, very quick
A: AC +5, unfitting armour, cold-blooded
a: no special abilities


You were on level 2 of the Dungeon.
You visited 1 branch of the dungeon, and saw 3 of its levels.

You collected 60 gold pieces.

Inventory:

Armour
 b - a +0 cloak (worn)
Scrolls
 c - a scroll of immolation {unknown}
 d - 2 scrolls of identify {unknown}
 e - 3 scrolls of teleportation {unknown}
 g - a scroll of summoning {unknown}
Potions
 f - a potion of heal wounds {unknown}
 h - a potion of curing {unknown}


   Skills:
 - Level 1.1 Fighting
 - Level 1.7 Dodging
 * Level 4.6 Unarmed Combat
 - Level 2.0 Spellcasting
 + Level 3.1 Transmutations


You had 4 spell levels left.
You knew the following spells:

 Your Spells              Type           Power      Damage    Failure   Level
a - Beastly Appendage     Tmut           20%        N/A       6%          1
b - Wereblood             Tmut           10%        N/A       10%         2

Your spell library contained the following spells:

 Spells                   Type           Power      Damage    Failure   Level
 Ensorcelled Hibernation  Hex/Ice        2%         N/A       32%         2
 Spider Form              Tmut/Pois      6%         N/A       34%         3
 Ice Form                 Ice/Tmut       6%         N/A       75%         4


Dungeon Overview and Level Annotations

Branches:
Dungeon (3/15)

Altars:

Shops:
D:2 [


Innate Abilities, Weirdness & Mutations

Your plain brown scales are hard. (AC +5)
You cannot fit into any form of body armour.
You are cold-blooded and may be slowed by cold attacks.


Message History

You hit the scorpion but do no damage. You tail-slap the scorpion.
The scorpion is lightly wounded.
You feel sick. The scorpion misses you.
You closely miss the scorpion.
Your tail-slap misses the scorpion.
The scorpion is lightly wounded.
You feel sick. The scorpion stings you.
You are more poisoned.
The scorpion poisons you!
You hit the scorpion but do no damage.
The scorpion is lightly wounded.
You feel very sick. The scorpion closely misses you.
You barely miss the scorpion. You claw the scorpion.
Your headbutt misses the scorpion.
Your tail-slap misses the scorpion.
The scorpion is lightly wounded.
Your horns disappear.
Your talons disappear.
You feel very sick.
The scorpion stings you but does no damage.
You punch the scorpion!
You tail-slap the scorpion, but do no damage.
The scorpion is heavily wounded.
You feel sick.
The scorpion stings you but does no damage.
You hit the scorpion but do no damage.
The scorpion is heavily wounded.
You feel sick. The scorpion stings you.
* * * LOW HITPOINT WARNING * * *
It was a potion of haste.
You feel yourself speed up.
* * * LOW HITPOINT WARNING * * *
You feel sick. The scorpion barely misses you.
The scorpion stings you but does no damage.
You hit the scorpion but do no damage.
The scorpion is heavily wounded.
* * * LOW HITPOINT WARNING * * *
You feel sick.
You hit the scorpion but do no damage.
The scorpion is heavily wounded.
* * * LOW HITPOINT WARNING * * *
You feel sick. The scorpion stings you.
You die...

.#..#.#..#
.##.#.#..#
.†..#.#..#
#####.#..#
......#..#
.........#
#######'##
...###..##########
................@#
...######.######s#
'### #.# #.# ..#
#.# #.#
#†#######.# #.#
P≈PPPP≈...######.#
≈♣P≈PP..P......#.#
≈≈≈♣♣≈≈≈..≈≈##.#.#
≈.PP≈♣≈♣≈P≈P≈#.#.#


You could see a scorpion.

Vanquished Creatures
  4 adders (D:2)
  2 worms (D:2)
  A dart slug (D:2)
  5 ball pythons
  3 endoplasms
  2 giant cockroaches
  4 goblins
  3 hobgoblins
  4 jackals (D:2)
  4 kobolds
  A quokka (D:2)
  6 bats
  7 frilled lizards
  4 rats
50 creatures vanquished.

Vanquished Creatures (others)
  4 plants (D:2)
4 creatures vanquished.

Grand Total: 54 creatures vanquished

Notes
Turn   | Place    | Note
-------+----------+-------------------------------------------
     0 | D:1      | ChaosChampion the Draconian Transmuter began the quest for
                  | the Orb.
     0 | D:1      | Reached XP level 1. HP: 16/16 MP: 3/3
   359 | D:1      | Reached XP level 2. HP: 12/23 MP: 3/5
   368 | D:1      | Learned a level 2 spell: Wereblood
  1423 | D:2      | Reached XP level 3. HP: 28/28 MP: 3/6
  1484 | D:2      | Reached skill level 4 in Unarmed Combat
  1878 | D:2      | Found Patenlyp's Armour Shop.
  2293 | D:2      | Reached XP level 4. HP: 35/35 MP: 5/7
  2929 | D:3      | Noticed a scorpion
  2961 | D:2      | Slain by a scorpion

Illustrated notes

Levels and vault maps discovered:
D:1:      dpeg_arrival_concentric_ovals, layout_basic
D:2:      layout_basic, serial_bayou, serial_bayou_pond_b, serial_bayou_pond_a,
          serial_bayou_shore_b, serial_bayou_lagoon_a, serial_shops, shop,
          kennysheep_small_spiral, kennysheep_decorative_pillar
D:3:      layout_rooms, marbit_many_paths, nicolae_ecumenical_snake_handling,
          hex_tiny, st_stairs_4

Skill      XL: |  1  2  3  4 |
---------------+-------------+-----
Unarmed Combat | 4 |  4.6
Transmutations | 3 |  3.1
Fighting       | |  1.1
Dodging        | |  1.7
Spellcasting   | |  2.0

Action                   |  1- 3 |  4- 6 || total
-------------------------+-------+-------++-------
Melee: Unarmed           |   112 |    51 ||   163
       Tailslap          |    12 |     3 ||    15
       Headbutt          |    13 |     1 ||    14
       Kick              |    14 |     9 ||    23
 Cast: Beastly Appendage |    27 |     9 ||    36
       Wereblood         |     1 |     1 ||     2
  Use: Potion            |       |     1 ||     1
 Stab: Sleeping          |     1 |       ||     1
Armor: Skin              |    27 |    20 ||    47
Dodge: Dodged            |    57 |    38 ||    95

Table legend: (Time is in decaauts)
 A = Elapsed time spent in this place.
 B = Non-inter-level travel time spent in this place.
 C = Inter-level travel time spent in this place.
 D = Time resting spent in this place.
 E = Time spent auto-exploring this place.
 F = Levels seen in this place.
 G = Mean time per level.
                   A        B        C        D        E       F      G
               +--------+--------+--------+--------+--------+-----+--------+
         Total |   2967 |   2925 |     42 |    199 |   2280 |   3 |  989.0 |
       Dungeon |   2967 |   2925 |     42 |    199 |   2280 |   3 |  989.0 |
               +--------+--------+--------+--------+--------+-----+--------+

Top non-repeatable levels by time:
     D:1: 1548 daAuts
     D:2: 1368 daAuts
     D:3: 50 daAuts
